 Dungeon Sprint DCSS version 0.28-a0-97-g102d6777a4 (webtiles) character file.

Game seed: 4406526427695114097

96 MikeHunt the Charlatan (level 4, 0/35 HPs)
             Began as a Draconian Artificer on Aug 9, 2021.
             Was an Initiate of Gozag.
             Splashed by an oklob sapling priest's acid (11 damage)
             ... in the Dungeon (Sprint IV: "Fedhas' Mad Dash").
             The game lasted 00:01:15 (246 turns).

MikeHunt the Charlatan (Draconian Artificer)         Turns: 246, Time: 00:01:16

Health: 0/35       AC: -3    Str: 14    XL:     4   Next: 41%
Magic:  3/4        EV: 13    Int: 11    God:    Gozag
Gold:   40         SH:  0    Dex: 13    Spells: 3/3 levels left

rFire   . . .      SeeInvis .     - Unarmed
rCold   . . .      Faith    .   (no shield)
rNeg    . . .      Spirit   .   (armour unavailable)
rPois   .          Reflect  .   (helmet restricted)
rElec   .          Harm     .   (no cloak)
rCorr   .          Rampage  .   (no gloves)
Will    .....      NoTele   +   (no boots)
Stlth   ++........              a - amulet of invisibility {+Inv}
HPRegen 0.11/turn               (no ring)
MPRegen 0.09/turn               (no ring)

@: corroded, very slightly contaminated, invisible
A: AC +5, unfitting armour, cold-blooded
a: Renounce Religion, Evoke Invisibility, Potion Petition, Call Merchant, Bribe
Branch


You were in the Dungeon.
You worshipped Gozag.
Gozag was noncommittal.
You visited 1 branch You collected 40 gold pieces.

Inventory:

Jewellery
 a - the amulet of invisibility (around neck) {+Inv}
   (You found it in the Dungeon)

   [amulet of nothing]

   +Inv:      It lets you turn invisible.
Wands
 b - a wand of flame (10) (quivered)
 c - a wand of charming (14)
Scrolls
 j - a scroll of blinking
Potions
 e - a potion of curing
 f - a potion of heal wounds
 g - a potion of haste
 h - 2 potions of magic
Miscellaneous
 d - a piece from Xom's chessboard (15/15)


   Skills:
 - Level 1.1 Fighting
 + Level 5.0 Dodging
 - Level 0.8 Stealth
 + Level 4.8 Unarmed Combat
 + Level 5.9 Evocations


You had 3 spell levels left.
You didn't know any spells.
Your spell library was empty.

Dungeon Overview and Level Annotations

Branches:
Dungeon (1/1)

Altars:
Cheibriados
Dithmenos
Elyvilon
Gozag
Hepliaklqana
Kikubaaqudgha
Makhleb
Nemelex Xobeh
Okawaru
Qazlal
Ru
Sif Muna
Trog
Uskayaw
Vehumet
Wu Jian
Xom
Yredelemnul
Zin
The Shining One
Beogh
Jiyva
Lugonu

Annotations:
D exclusion: oklob sapling


Innate Abilities, Weirdness & Mutations

Your plain brown scales are hard. (AC +5)
You cannot fit into any form of body armour.
You are cold-blooded and may be slowed by cold attacks.


Message History

You kneel at the altar of Gozag.
Gozag welcomes you!
Gozag waives the service fee.
Unknown command.
Press < or > to pray at altars.
Found a radiant altar of Vehumet and a corrupted altar of Lugonu.
There is a burning altar of Makhleb here.
There is a sparkling altar of Nemelex Xobeh here.
The helpless oklob sapling priest fails to defend itself.
You hit the oklob sapling priest but do no damage.
You hit the oklob sapling priest but do no damage.
You tail-slap the oklob sapling priest, but do no damage.
You hit the oklob sapling priest but do no damage.
You punch the oklob sapling priest, but do no damage.
The oklob sapling priest spits acid at you.
The splash of acid misses you.
You hit the oklob sapling priest.
The oklob sapling priest is moderately damaged.
You hit the oklob sapling priest but do no damage.
The oklob sapling priest is moderately damaged.
The oklob sapling priest spits acid at you.
The splash of acid misses you.
You hit the oklob sapling priest but do no damage.
The oklob sapling priest is moderately damaged.
The oklob sapling priest spits acid at you.
The splash of acid hits you. The acid corrodes you!
You are splashed with acid!
Aiming: Throw Flame
Press: ? - help, Shift-Dir - straight line, f - oklob sapling priest
Aim: an oklob sapling priest (moderately damaged, 100% to hit)
The puff of flame hits the oklob sapling priest!
The oklob sapling priest is severely damaged.
Aiming: Throw Flame
Press: ? - help, Shift-Dir - straight line, f/p - oklob sapling priest
Aim: an oklob sapling priest (severely damaged, 100% to hit)
The puff of flame hits the oklob sapling priest.
The oklob sapling priest is almost destroyed.
The oklob sapling priest spits acid at you.
The splash of acid hits you. The acid corrodes you!
You are splashed with acid!
You die...
Your body crumbles into a pile of gold.

########################
....#.....#.⌠._._._._.⌠.
$
)...'†#)).'.._._._._._..
$ $
....#.#...#..._.@P_._...
########+##.._._._._._..
$ $ #._._._._._.⌠. $
$############## $ $ $$ $


You could see an oklob sapling priest.

Vanquished Creatures
  A scorpion (D)
  An oklob sapling (D)
  A river rat (D)
  A rat (D)
4 creatures vanquished.

Notes
Turn   | Place    | Note
-------+----------+-------------------------------------------
     0 | D        | MikeHunt the Draconian Artificer began the quest for the
                  | Orb.
     0 | D        | Reached XP level 1. HP: 16/16 MP: 1/1
    21 | D        | Reached XP level 2. HP: 18/23 MP: 2/2
    98 | D        | Noticed an oklob sapling
    98 | D        | Noticed a scorpion
   101 | D        | Killed an oklob sapling
   102 | D        | Reached XP level 3. HP: 28/28 MP: 3/3
   105 | D        | Killed a scorpion
   106 | D        | Reached skill level 5 in Dodging
   106 | D        | Reached skill level 5 in Evocations
   106 | D        | Reached XP level 4. HP: 35/35 MP: 4/4
   108 | D        | Found the amulet of invisibility {+Inv}
   230 | D        | Found an opulent altar of Gozag.
   230 | D        | Found a hazy altar of Hepliaklqana.
   230 | D        | Found a snail-covered altar of Cheibriados.
   231 | D        | Found a viscous altar of Jiyva.
   231 | D        | Found a burning altar of Makhleb.
   231 | D        | Found a sparkling altar of Nemelex Xobeh.
   231 | D        | Found a sacrificial altar of Ru.
   231 | D        | Found a shimmering blue altar of Sif Muna.
   231 | D        | Found a bloodstained altar of Trog.
   231 | D        | Found an ornate altar of the Wu Jian Council.
   231 | D        | Found a shimmering altar of Xom.
   231 | D        | Found a basalt altar of Yredelemnul.
   232 | D        | Found an iron altar of Okawaru.
   232 | D        | Found a shadowy altar of Dithmenos.
   232 | D        | Found a glowing silver altar of Zin.
   233 | D        | Found an ancient bone altar of Kikubaaqudgha.
   233 | D        | Found a hide-covered altar of Uskayaw.
   234 | D        | Found a stormy altar of Qazlal.
   234 | D        | Found a white marble altar of Elyvilon.
   234 | D        | Found a glowing golden altar of the Shining One.
   235 | D        | Became a worshipper of Gozag Ym Sagoz the Greedy
   236 | D        | Found a radiant altar of Vehumet.
   236 | D        | Found a corrupted altar of Lugonu.
   246 | D        | Splashed by an oklob sapling priest's acid

Illustrated notes

Levels and vault maps discovered:
D:        dungeon_sprint_fedhas [sprint_temple]

Skill      XL: |  1  2  3 |
---------------+----------+-----
Dodging        | 3 5 |  5.0
Unarmed Combat | 2 3 4 |  4.8
Evocations     | 4 5 |  5.9
Fighting       | |  1.1
Stealth        | |  0.8

Action                   |  1- 3 |  4- 6 || total
-------------------------+-------+-------++-------
Melee: Unarmed           |    18 |     6 ||    24
       Tailslap          |     3 |     1 ||     4
       Punch             |       |     1 ||     1
 Abil: Evoke Invisibilit |       |     1 ||     1
Evoke: Wand              |     4 |     2 ||     6
  Use: Potion            |     1 |       ||     1
 Stab: Sleeping          |       |     1 ||     1
Armor: Skin              |     5 |       ||     5
Dodge: Dodged            |     6 |     2 ||     8

Table legend: (Time is in decaauts)
 A = Elapsed time spent in this place.
 B = Non-inter-level travel time spent in this place.
 C = Inter-level travel time spent in this place.
 D = Time resting spent in this place.
 E = Time spent auto-exploring this place.
 F = Levels seen in this place.
 G = Mean time per level.
                   A        B        C        D        E       F      G
               +--------+--------+--------+--------+--------+-----+--------+
         Total |    254 |    254 |      0 |    170 |      0 |   1 |  254.0 |
       Dungeon |    254 |    254 |      0 |    170 |      0 |   1 |  254.0 |
               +--------+--------+--------+--------+--------+-----+--------+

Top non-repeatable levels by time:
       D: 254 daAuts
